cohdb
Replays
Latest Replays
All Replays
Popular Replays
Top Player Replays
Match Explorer
How It Works
Community
CoH3 Stats
Reddit
Sign in to upload your games and track your stats! →
Sign in with Steam
Match 41620021
Unlisted
Match 41620021
Overview
Messages
Build Orders
End
Scout Squad
Construct Weapon Support Center
M1919 Machine Gun Team
Selects Heavy Weapons
Engineer Squad
M1919 Machine Gun Team
Bazooka Squad
Infantry Support Center
M3 Armored Personnel Carrier
Selects Assault Carriers
Sniper
Construct Medical Station
Bazooka Squad
Selects Halftrack Strongpoints
Engineer Squad
Selects Towed M5 3-inch Anti-tank Gun
Towed M5 3-inch Anti-tank Gun
M1919 Machine Gun Team
silentbreacher
windyinheaven
0
0
Comments
sign in to comment!
No comments posted yet!